 Dungeon Crawl Stone Soup version 0.31.0-32-g396128a36d (webtiles) character file.

Game seed: 8287830686466495562

30728 Peloso the Peltast (level 13, -7/116 HPs)
             Began as a Minotaur Fighter on Mar 13, 2024.
             Was a High Priest of Okawaru.
             Mangled by an iron troll (14 damage)
             ... while paralysed by an ogre mage
             ... on level 2 of the Orcish Mines.
             The game lasted 00:31:53 (17318 turns).

Peloso the Peltast (Minotaur Fighter)              Turns: 17318, Time: 00:31:54

Health: -7/116     AC: 25    Str: 21    XL:     13   Next: 22%
Magic:  12/12      EV:  2    Int:  5    God:    Okawaru [*****.]
Gold:   989        SH:  0    Dex: 15    Spells: 12/12 levels left

rFire   . . .        a - +1 long sword
rCold   . . .        d - +0 tower shield
rNeg    . . .        J - +0 plate armour
rPois   .            (helmet restricted)
rElec   .            v - +0 cloak
rCorr   .            (no gloves)
SInv    .            (no boots)
Will    .....        r - amulet of reflection Stlth
                     e - +4 ring of protection
HPRegen 0.39/turn    B - +4 ring of protection
MPRegen 0.13/turn

%: reflection
@: paralysed
A: horns 2, retaliatory headbutt
a: Renounce Religion, Heroism, Finesse, Duel


You were on level 2 of the Orcish Mines.
You worshipped Okawaru.
Okawaru was extremely pleased with you.
You visited 4 branches of the dungeon, and saw 18 of its levels.

You collected 989 gold pieces.

Inventory:

Hand Weapons
 a - a +1 long sword (weapon)
 b - a +2 hand axe of flaming
Armour
 c - a +0 chain mail
 d - a +0 tower shield (worn)
 v - a +0 cloak (worn)
 J - a +0 plate armour (worn)
Jewellery
 e - a +4 ring of protection (left hand)
 r - an amulet of reflection (around neck)
 u - an amulet of the acrobat
 B - a +4 ring of protection (right hand)
 G - an amulet of regeneration
 M - a ring of poison resistance
Talismans
 K - a maw talisman
Wands
 o - a wand of flame (9)
 x - a wand of polymorph (27)
 y - a wand of roots (8)
 P - a wand of acid (4)
 R - a wand of digging (5)
 T - a wand of mindburst (8)
Scrolls
 g - 3 scrolls of enchant weapon
 j - 3 scrolls of enchant armour
 l - 3 scrolls of immolation
 m - 2 scrolls of poison
 n - a scroll of amnesia
 p - a scroll of blinking
 C - 3 scrolls of silence
 D - a scroll of brand weapon
 E - 4 scrolls of fog
 F - 4 scrolls of teleportation
 O - a scroll of fear
Potions
 f - 2 potions of curing
 h - 3 potions of mutation
 i - 3 potions of brilliance
 k - 5 potions of heal wounds
 s - a potion of ambrosia
 t - a potion of lignification {unknown}
 z - a potion of resistance {unknown}
 H - 3 potions of haste {unknown}
 I - 2 potions of magic {unknown}
 Q - 2 potions of enlightenment {unknown}


   Skills:
 + Level 11.1 Fighting
 + Level 15.0 Long Blades
 + Level 2.8 Axes
 + Level 12.1 Armour
 + Level 4.0 Dodging
 + Level 1.2 Stealth
 + Level 15.6 Shields
 + Level 0.5 Invocations
 + Level 1.4 Evocations


You had 12 spell levels left.
You didn't know any spells.
Your spell library contained the following spells:

 Spells                   Type           Power      Damage    Failure   Level
 Apportation              Tloc           0%         N/A       100%        1
 Necrotise                Necr           0%         1d4       100%        1
 Sting                    Conj/Alch      0%         1d3       100%        1
 Ensorcelled Hibernation  Hex/Ice        0%         N/A       100%        2
 Mercury Vapours          Alch/Air       0%         N/A       100%        2
 Frozen Ramparts          Ice            0%         1d1       100%        3
 Inner Flame              Hex/Fire       0%         N/A       100%        3
 Passwall                 Erth           0%         N/A       100%        3
 Swiftness                Air            0%         N/A       100%        3
 Leda's Liquefaction      Alch/Erth      0%         N/A       100%        4
 Olgreb's Toxic Radiance  Alch           0%         N/A       100%        4
 Passage of Golubria      Tloc           0%         N/A       100%        4
 Petrify                  Alch/Erth      0%         N/A       100%        4
 Irradiate                Conj/Alch      0%         3d11      100%        5
 Lee's Rapid Deconstruct  Erth           0%         3d4*      100%        5
 Metabolic Englaciation   Hex/Ice        0%         N/A       100%        5
 Yara's Violent Unravell  Hex/Alch       0%         3d3       100%        5
 Ignition                 Fire           0%         3d3       100%        8
 Summon Small Mammal      Summ           Unusable   N/A       N/A         1
 Tukima's Dance           Hex            Unusable   N/A       N/A         3
 Animate Armour           Summ/Erth      Unusable   N/A       N/A         4
 Summon Lightning Spire   Summ/Air       Unusable   N/A       N/A         4

Dungeon Overview and Level Annotations

Branches:
Dungeon (12/15)            Temple (1/1) D:7            Lair (3/5) D:10
  Swamp (0/4) Lair:2       Spider (0/4) Lair:3          Orc (2/2) D:10
    Elf (0/3) Orc:2

Altars:
Ashenzari
Cheibriados
Dithmenos
Elyvilon
Fedhas
Gozag
Hepliaklqana
Kikubaaqudgha
Makhleb
Nemelex Xobeh
Okawaru
Qazlal
Ru
Sif Muna
Trog
Uskayaw
Vehumet
Wu Jian
Xom
Yredelemnul
Zin
The Shining One

Annotations:
D:9 exclusion: orange crystal statue


Innate Abilities, Weirdness & Mutations

You have a pair of horns on your head.
You reflexively headbutt those who attack you in melee.


Message History

A two-headed ogre comes into view.
It is wielding a +0 giant club and a +0 giant spiked club.
The ogre mage casts a spell.
The ogre mage flickers and vanishes!
Deactivating autopickup; reactivate with Ctrl-A.
The two-headed ogre shouts in stereo!
You hit the iron troll. You headbutt the iron troll.
The iron troll is heavily wounded.
You block the iron troll's attack. x3
Unknown command.
There is a stone staircase leading up here.
Things that are here:
a +0 scale mail; a +0 hand axe; an orc corpse You climb upwards.
Reactivating autopickup.
There is a stone staircase leading down, spattered with blood here.
Items here: (( )) [.
You climb downwards.
You feel like a meek peon again.
You block the two-headed ogre's attack. x4; The iron troll barely misses you.
The iron troll claws you! The iron troll completely misses you.
There is a stone staircase leading up, spattered with blood here.
Things that are here:
a +0 scale mail; a +0 hand axe; an orc corpse You block the two-headed ogre's attack. x2; You block the iron troll's attack. x2
The iron troll claws you but does no damage.
You hear some strange, mumbled words.
Deactivating autopickup; reactivate with Ctrl-A.
You suddenly lose the ability to move!
You stop ascending the stairs.
The two-headed ogre hits you with a +0 giant club!
The two-headed ogre hits you with a +0 giant spiked club!!
The iron troll bites you!
The iron troll claws you but does no damage. x2
The two-headed ogre hits you with a +0 giant club.
The two-headed ogre hits you with a +0 giant spiked club!!
* * * LOW HITPOINT WARNING * * *
The two-headed ogre hits you with a +0 giant club!
* * * LOW HITPOINT WARNING * * *
The two-headed ogre hits you but does no damage.
The iron troll bites you!
You die...

........$......
.................
.................
...$...........$..
.....$........>....
...................
.........$........#
......#...T......#
.........$@.$#....
..........O......#
...................
..#......[........
#$..)...........
...................
......$.........#..
.................#.
.#.<....#........#


You could see an iron troll and a two-headed ogre (fast).

Vanquished Creatures
  4 hydras
  3 two-headed ogres (Orc:1)
  Amaemon (Lair:2)
  A skyshark (Lair:2)
  A pharaoh ant (Lair:2)
  3 cyclopes
  An ugly thing (D:11)
  An elephant (D:10)
  An orange demon (Lair:2)
  2 black mambas
  A gargoyle (D:9)
  Maggie (Lair:2)
  8 cane toads
  A rime drake (Lair:1)
  4 komodo dragons
  2 trolls
  A hornet (D:11)
  4 polar bears
  16 blink frogs
  Grinder (D:3)
  A tarantella (Lair:3)
  A shadow (D:8)
  2 wyverns
  30 yaks
  A warg (Orc:2)
  9 basilisks
  2 acid dragons
  6 water moccasins
  A black bear (D:10)
  7 orc warriors
  An ice beast (D:7)
  3 sky beasts (D:7)
  7 ogres
  6 wolves (Lair:1)
  2 centaurs
  2 phantoms
  14 bullfrogs
  5 scorpions
  4 gnoll sergeants
  3 wights (D:10)
  9 killer bees
  7 howler monkeys
  2 hounds
  A jelly (D:5)
  2 bombardier beetles (D:4)
  17 orc priests
  2 sleepcaps
  10 orc wizards
  4 iguanas
  5 adders
  10 gnolls
  A shadow imp (D:6)
  A dart slug (D:3)
  3 ribbon worms
  50 orcs
  5 bats
  5 endoplasms
  4 giant cockroaches
  9 goblins
  10 hobgoblins
  6 quokkas
  4 ball pythons
  A frilled lizard (D:1)
  6 kobolds
  7 rats
345 creatures vanquished.

Vanquished Creatures (others)
  2 orc wizards
  A gnoll (D:10)
3 creatures vanquished.

Grand Total: 348 creatures vanquished

Notes
Turn   | Place    | Note
-------+----------+-------------------------------------------
     0 | D:1      | Peloso the Minotaur Fighter began the quest for the Orb.
     0 | D:1      | Reached XP level 1. HP: 19/19 MP: 0/0
     0 | D:1      | Noticed an ice dragon
     0 | D:1      | Noticed a shadow dragon
     1 | D:1      | Noticed a tentacled monstrosity
   116 | D:1      | Reached XP level 2. HP: 26/26 MP: 1/1
   125 | D:1      | Noticed a shadow dragon
   128 | D:1      | Noticed a white draconian
   128 | D:1      | Noticed a tentacled monstrosity
   130 | D:1      | Noticed an iron dragon
   134 | D:1      | Noticed an orb of fire
   134 | D:1      | Noticed an ice dragon
   136 | D:1      | Noticed an iron dragon
   136 | D:1      | Noticed an orb of fire
   138 | D:1      | Noticed an orb of fire
   140 | D:1      | Noticed a green draconian
   140 | D:1      | Noticed a tentacled monstrosity
   683 | D:2      | Reached XP level 3. HP: 33/33 MP: 2/2
  1177 | D:3      | Reached XP level 4. HP: 40/40 MP: 3/3
  1291 | D:3      | Reached skill level 1 in Dodging
  1480 | D:3      | Reached XP level 5. HP: 42/46 MP: 4/4
  1521 | D:3      | Noticed an ogre
  1525 | D:3      | Killed an ogre
  1528 | D:3      | Found a sparkling altar of Nemelex Xobeh.
  1643 | D:3      | Noticed Grinder
  1676 | D:3      | Killed Grinder
  1677 | D:3      | Reached skill level 5 in Long Blades
  1677 | D:3      | Reached skill level 5 in Armour
  1677 | D:3      | Reached XP level 6. HP: 45/53 MP: 5/5
  2352 | D:4      | Reached skill level 5 in Shields
  2443 | D:4      | Found a shimmering altar of Xom.
  2510 | D:4      | Reached XP level 7. HP: 60/60 MP: 6/6
  2954 | D:4      | Reached skill level 5 in Fighting
  3126 | D:4      | Found an iron altar of Okawaru.
  3278 | D:5      | Entered Level 5 of the Dungeon
  3581 | D:5      | Found a white marble altar of Elyvilon.
  3691 | D:5      | Found a shimmering blue altar of Sif Muna.
  3740 | D:5      | Reached XP level 8. HP: 66/69 MP: 7/7
  4109 | D:6      | Noticed a troll
  4118 | D:6      | Killed a troll
  4940 | D:7      | Found a staircase to the Ecumenical Temple.
  5026 | D:7      | Reached XP level 9. HP: 77/77 MP: 8/8
  5043 | Temple   | Entered the Ecumenical Temple
  5436 | D:7      | Reached skill level 10 in Long Blades
  5592 | D:7      | Found an opulent altar of Gozag.
  6175 | D:8      | Found an ancient bone altar of Kikubaaqudgha.
  6359 | D:8      | Found a sacrificial altar of Ru.
  6906 | D:8      | Found a hazy altar of Hepliaklqana.
  7017 | D:8      | Found a shadowy altar of Dithmenos.
  7538 | D:9      | Reached XP level 10. HP: 81/88 MP: 9/9
  7779 | D:9      | Noticed a boulder beetle
  7807 | D:9      | Noticed an orange crystal statue
  7813 | D:9      | Found the +10 Black Knight's barding {ponderous, rPois rN+}
  7926 | D:9      | a boulder beetle changed into an ice dragon
  7926 | D:9      | Noticed an ice dragon
  7927 | D:9      | an ice dragon changed into a spark wasp
  7927 | D:9      | Noticed a spark wasp
  7928 | D:9      | a spark wasp changed into a fire dragon
  7928 | D:9      | Noticed a fire dragon
  8297 | D:9      | Noticed a gargoyle
  8321 | D:9      | Killed a gargoyle
  8341 | D:9      | Reached skill level 1 in Evocations
  8392 | D:9      | Found a hide-covered altar of Uskayaw.
  8474 | D:10     | Entered Level 10 of the Dungeon
  8544 | D:10     | Found a basalt altar of Yredelemnul.
  8644 | D:10     | Found a staircase to the Lair.
  8644 | D:10     | Noticed an elephant
  8698 | D:10     | Killed an elephant
  9121 | D:10     | Found a staircase to the Orcish Mines.
  9142 | D:10     | Noticed a manticore
  9143 | D:10     | Noticed a boulder beetle
  9145 | D:10     | Noticed a meliai
  9145 | D:10     | Noticed a brown ugly thing
  9146 | D:10     | Noticed a manticore
  9156 | D:10     | Noticed a deep elf pyromancer
  9156 | D:10     | Noticed a centaur warrior
  9158 | D:10     | Noticed an eight-headed hydra
  9255 | D:10     | Found a snail-covered altar of Cheibriados.
  9573 | D:11     | Noticed a red ugly thing
  9592 | D:11     | Killed a red ugly thing
  9742 | D:4      | Became a worshipper of Warmaster Okawaru
 10083 | D:11     | Reached XP level 11. HP: 59/95 MP: 10/10
 10122 | D:11     | Reached * piety under Okawaru
 10133 | D:11     | Reached skill level 10 in Armour
 10705 | D:12     | Noticed a seven-headed hydra
 10705 | D:12     | Noticed a centaur warrior
 10730 | D:11     | Reached ** piety under Okawaru
 10731 | D:11     | Reached skill level 10 in Shields
 11110 | Lair:1   | Entered Level 1 of the Lair of Beasts
 11279 | Lair:1   | Reached *** piety under Okawaru
 12317 | Lair:2   | Noticed a six-headed hydra
 12328 | Lair:1   | Reached **** piety under Okawaru
 12457 | Lair:3   | Noticed a five-headed hydra
 12458 | Lair:3   | Noticed an eight-headed hydra
 12493 | Lair:2   | Killed a one-headed hydra
 12494 | Lair:2   | Reached XP level 12. HP: 67/104 MP: 11/11
 12642 | Lair:2   | Found a staircase to the Swamp.
 12651 | Lair:2   | Killed a one-headed hydra
 12652 | Lair:2   | Reached skill level 1 in Axes
 12674 | Lair:2   | Reached ***** piety under Okawaru
 12889 | Lair:2   | Noticed Maggie
 12900 | Lair:2   | Killed Maggie
 13091 | Lair:2   | Noticed Amaemon
 13472 | Lair:2   | Killed Amaemon
 14016 | Lair:1   | Reached skill level 10 in Fighting
 14321 | Lair:2   | Identified the +5 dagger of Fayr {freeze, *Noise rPois
                  | Int+8 Dex-4}
 14673 | Lair:2   | Reached skill level 1 in Stealth
 14716 | Lair:3   | Killed a one-headed hydra
 14856 | Lair:3   | Noticed a five-headed hydra
 15392 | Lair:3   | Received a gift from Okawaru
 15413 | Lair:3   | Found a hole to the Spider Nest.
 16182 | Lair:3   | Killed a one-headed hydra
 16183 | Lair:3   | Reached skill level 15 in Shields
 16183 | Lair:3   | Reached XP level 13. HP: 112/115 MP: 12/12
 16605 | Orc:1    | Entered Level 1 of the Orcish Mines
 16932 | Orc:2    | Entered Level 2 of the Orcish Mines
 16932 | Orc:2    | Found a staircase to the Elven Halls.
 17054 | Orc:1    | Received a gift from Okawaru
 17233 | Orc:1    | Reached skill level 15 in Long Blades
 17315 | Orc:2    | Paralysed by something for 5 turns
 17318 | Orc:2    | Mangled by an iron troll

Illustrated notes

Levels and vault maps discovered:
D:1:      shiori_arrival_whats_in_store_for_you, layout_basic
D:2:      layout_loops_ring
D:3:      layout_loops_ring, marbit_many_paths, minmay_between, uniq_grinder
D:4:      layout_loops_ring, mainiacjoe_overflow_24_doors,
          nicolae_overflow_hidden_temple
D:5:      layout_loops_cross, led_sif_pool, lemuel_round_altar
D:6:      layout_basic
D:7:      layout_basic, grunt_gozag_statues, minmay_temple_entry_slanted
D:8:      layout_loops_ring, mainiacjoe_overflow_six_doors_small,
          nicolae_ru_awakened_eye, grunt_dithmenos_smoke_and_mirrors,
          lemuel_coloured_pillars_altar
D:9:      layout_rooms, mainiacjoe_overflow_brackets, minivault_15,
          minmay_fractal_squares_gapless_5
D:10:     layout_long_grid, amcnicky_altar_gilded,
          mainiacjoe_overflow_tiny_flanked, david_lair_generic,
          hiddenorc1_lemuel, minivault_12
D:11:     layout_rooms
D:12:     minmay_the_grid_octo_tiled_octocenter
          [minmay_the_grid_octo_tetromino_candy,
          minmay_the_grid_octo_concentric, minmay_the_grid_octo_pinwheel,
          minmay_the_grid_octo_clover,
          minmay_the_grid_octo_prize_square_snowflake,
          minmay_the_grid_square_5x5_tie, minmay_the_grid_square_5x5_shuriken,
          minmay_the_grid_square_5x5_tri_point,
          minmay_the_grid_square_5x5_two_walls_a], layout_basic
Temple:   hellmonk_temple_rainy
Lair:1:   layout_roguey
Lair:2:   layout_cave_pods, swamp_mist, wad_woods_road_05, uniq_maggie,
          uniq_amaemon
Lair:3:   layout_cave_pods, nicolae_spider_entry_lesser_pyramids,
          grunt_megastairs_3, lemuel_fruit_tree
Orc:1:    dreamdust_wu_jian_sword_trials, layout_caves, basic_altar
Orc:2:    st_orc_open, layout_caves, basic_altar, uniq_maurice

Skill      XL: |  1  2  3  4  5  6  7  8  9 10 11 12 13 |
---------------+----------------------------------------+-----
Shields        | 4 5 6 7 9 12 15 | 15.6
Armour         | 4 5 6 7 8 9 10 11 12 | 12.1
Fighting       | 4 5 6 7 8 9 10 11 | 11.1
Long Blades    | 3 4 5 7 9 11 13 14 15 | 15.0
Dodging        | 1 2 3 4 |  4.0
Evocations     | 1 |  1.4
Axes           | 2 |  2.8
Stealth        | 1 |  1.2
Invocations    | |  0.5

Action                     |  1- 3 |  4- 6 |  7- 9 | 10-12 | 13-15 || total
---------------------------+-------+-------+-------+-------+-------++-------
  Melee: Long sword        |    83 |   112 |   377 |  1008 |   175 ||  1755
         Headbutt          |    14 |    19 |    63 |   286 |    51 ||   433
         Hand axe          |       |       |       |    45 |       ||    45
 Invoke: Heroism           |       |       |       |     7 |     1 ||     8
  Evoke: Wand              |       |     4 |       |     7 |       ||    11
    Use: Scroll            |     4 |     3 |     2 |    14 |       ||    23
         Potion            |       |     1 |     3 |     2 |       ||     6
 Armour: Scale mail        |    66 |    53 |       |       |       ||   119
         Chain mail        |       |    38 |   180 |       |       ||   218
         Plate armour      |       |       |    59 |   500 |    58 ||   617
  Dodge: Dodged            |    46 |    44 |    80 |   139 |    22 ||   331
  Block: Buckler           |    23 |    23 |   170 |    31 |       ||   247
         Reflection        |       |       |     2 |     9 |       ||    11
         Tower shield      |       |       |       |  1134 |   240 ||  1374
         Form:             |       |       |     1 |       |       ||     1
         Maw               |       |       |     1 |       |       ||     1
